 Dungeon Crawl Stone Soup version 0.21.1-1-g345015f (webtiles) character file.

46 Larett the Sneak (level 3, -8/24 HPs)
             Began as an Octopode Assassin on Mar 20, 2018.
             Mangled by a worm (9 damage)
             ... on level 2 of the Dungeon.
             The game lasted 00:02:47 (1530 turns).

Larett the Sneak (Octopode Assassin)                Turns: 1530, Time: 00:02:48

Health: -8/24      AC:  1    Str: 10    XL:     3   Next: 66%
Magic:  3/3        EV: 13    Int: 13    God:
Gold:   59         SH:  0    Dex: 14    Spells: 2/2 levels left

rFire    + . .     SeeInvis .   a - +2 dagger
rCold    x . .     Gourm    .   (no shield)
rNeg     . . .     Faith    .   (helmet restricted)
rPois    .         Spirit   .   (no amulet)
rElec    .         Reflect  .   x - ring of fire
rCorr    .         Harm     .   (no ring)
MR       .....                  (no ring)
Stlth    +++++.....             (no ring)
HPRegen  0.08/turn              (no ring)
MPRegen  0.08/turn              (no ring)
                                (no ring)
                                (no ring)

@: no status effects
A: almost no armour, stealthy swim, amphibious, 8 rings, constrict 8, camouflage
1, gelatinous body 1
a: no special abilities


You were on level 2 of the Dungeon.
You were not hungry.

You visited 1 branch of the dungeon, and saw 2 of its levels.

You collected 59 gold pieces.

Inventory:

Hand Weapons
 a - a +2 dagger (weapon)
 q - a +0 blowgun
 E - a +0 hunting sling
Missiles
 c - 13 poisoned needles
 d - 2 curare-tipped needles
 v - 38 bolts
 y - 16 arrows
 C - 66 stones (quivered)
Jewellery
 x - a ring of fire (left tentacle)
Wands
 A - a wand of acid (6)
Scrolls
 r - 2 scrolls of remove curse {unknown}
 w - 4 scrolls of identify {unknown}
 D - a scroll of amnesia {unknown}
Potions
 t - a potion of berserk rage {unknown}
 u - a potion of degeneration {unknown}
 F - a potion of mutation {unknown}
Comestibles
 f - 5 rations
 B - 6 chunks of flesh


   Skills:
 - Level 2.0 Fighting
 - Level 2.0 Short Blades
 - Level 2.0 Throwing
 - Level 1.0 Dodging
 + Level 7.3 Stealth


You had 2 spell levels left.
You didn't know any spells.

Dungeon Overview and Level Annotations

Branches:
Dungeon (2/15)

Altars:
Cheibriados


Innate Abilities, Weirdness & Mutations

You cannot wear most types of armour.
You are very stealthy in the water. (Stealth+)
You are amphibious.
You can wear up to eight rings at the same time.
You can use your tentacles to constrict eight enemies at once.
Your skin changes colour to match your surroundings (Stealth+).
Your rubbery body absorbs attacks. (AC +1, EV +1)


Message History

The worm bites you!
The hobgoblin shouts!
You hit the worm but do no damage. You grab the worm. You constrict the worm.
You hear a shout!
You hit the worm.
The worm is lightly wounded.
You constrict the worm. The worm bites you!
Ouch! That really hurt!
* * * LOW HITPOINT WARNING * * *
You hit the worm.
The worm is moderately wounded.
You constrict the worm. You hit the worm. You squeeze the worm.
The worm is severely wounded.
You constrict the worm. The worm barely misses you.
Unknown command.
You completely miss the worm.
The worm is severely wounded.
You constrict the worm. The worm bites you!
You die...

#.##g.##.#
#####..
#.#.g..#.#
.......
...$.r..+
>.<.... .g.....
####.. # ....#
# ......<
#.##g.##.#
####..#
#...†....# #...
#####''####
###...
##..@wg.#
.....#
#..######
.###.# #.##
####.# #####.#
###..####.....#
........#.#####
###....##)#
##...###..#
##.#.##..##


You could see a worm and a goblin.

Vanquished Creatures
  A worm (D:2)
  5 leopard geckos (D:2)
  4 goblins
  5 hobgoblins
  3 jackals (D:1)
  A quokka (D:2)
  A ball python (D:2)
  5 bats
  3 frilled lizards
  3 kobolds (D:2)
  6 rats
37 creatures vanquished.

Vanquished Creatures (others)
  4 toadstools (D:1)
4 creatures vanquished.

Grand Total: 41 creatures vanquished

Notes
Turn   | Place    | Note
-------+----------+-------------------------------------------
     0 | D:1      | Larett the Octopode Assassin began the quest for the Orb.
     0 | D:1      | Reached XP level 1. HP: 14/14 MP: 1/1
    45 | D:1      | Found a snail-covered altar of Cheibriados.
   158 | D:1      | Reached skill level 6 in Stealth
   158 | D:1      | Reached XP level 2. HP: 19/19 MP: 2/2
   626 | D:1      | HP: 2/19 [bat (1)]
   916 | D:2      | Reached XP level 3. HP: 19/24 MP: 3/3
  1217 | D:2      | Reached skill level 7 in Stealth
  1527 | D:2      | HP: 1/24 [worm (12)]
  1530 | D:2      | Mangled by a worm

Skill      XL: |  1  2  3 |
---------------+----------+-----
Stealth        | 6 7 |  7.3
Fighting       | |  2.0
Short Blades   | |  2.0
Throwing       | |  2.0
Dodging        | |  1.0

Action                   || total
-------------------------++-------
Melee: Dagger            ||    74
       Constrict         ||    15
       Tentacles         ||     6
 Stab: Sleeping          ||    10
  Eat: Chunk             ||     2
Armor: Skin              ||    16
Dodge: Dodged            ||    71
